 Dungeon Sprint DCSS version 0.19.1-28-ge1247f7 (webtiles) character file.

329 Groucho the Unseen (level 6, -22/30 HPs)
             Began as a Felid Berserker on Jan 21, 2017.
             Was a Priest of Trog.
             Annihilated by a lorocyproca (31 damage)
             ... in the Dungeon (Sprint I: "Red Sonja").
             The game lasted 00:03:03 (501 turns).

Groucho the Unseen (Felid Berserker)                 Turns: 501, Time: 00:03:03

Health: -22/30     AC:  2    Str: 14    XL:     6   Next: 25%
Magic:  0/7        EV: 24    Int:  9    God:    Trog [***...]
Gold:   452        SH:  0    Dex: 16    Spells: 0 memorised, 5 levels left
                                        Lives:  0   Deaths: 2

rFire  . . .     SeeInvis +       - Unarmed
rCold  . . .     Gourm    .     (armour unavailable)
rNeg   . . .     Faith    .     (shield unavailable)
rPois  .         Spirit   .     (helmet unavailable)
rElec  .         Reflect  .     (cloak unavailable)
rCorr  .         Harm     .     (gloves unavailable)
MR     .....     NoTele   +     (boots unavailable)
Stlth  ++++++++..               (no amulet)
                                (no ring)
                                (no ring)

@: quick
A: no armour, no weapons or thrown items, stealth, claws 1, fangs 3, see
invisible, carnivore 3, speed 1, shaggy fur 2, slow metabolism 1, sharp paws
a: Berserk, Trog's Hand, Burn Spellbooks, Renounce Religion


You were in the Dungeon.
You worshipped Trog.
Trog was most pleased with you.
You were not hungry.

You visited 1 branch You collected 452 gold pieces.

Inventory:

Scrolls
 j - a scroll of recharging {unknown}
Potions
 b - a potion of curing
 d - a potion of haste
 e - 2 potions of magic
 f - a potion of berserk rage
 h - a potion of cure mutation {unknown}
Comestibles
 a - a meat ration
 k - a beef jerky


   Skills:
 + Level 5.3 Fighting
 + Level 8.1 Dodging
 + Level 19.4 Stealth
 * Level 8.2 Unarmed Combat


You had 5 spell levels left.
You didn't know any spells.

Dungeon Overview and Level Annotations

Branches:
Dungeon (1/1)

Altars:
Cheibriados
Dithmenos
Elyvilon
Fedhas
Gozag
Hepliaklqana
Kikubaaqudgha
Makhleb
Nemelex Xobeh
Okawaru
Qazlal
Ru
Sif Muna
Trog
Uskayaw
Vehumet
Xom
Yredelemnul
Zin
The Shining One
Jiyva
Lugonu

Shops:
D :


Innate Abilities, Weirdness & Mutations

You cannot wear armour.
You are incapable of wielding weapons or throwing items.
Your paws allow you to move quietly. (Stealth)
You have sharp claws.
You have razor-sharp teeth.
You have supernaturally acute eyesight. (SInv)
You are carnivorous and can eat meat at any time.
You cover ground quickly.
You are covered in thick fur. (AC +2)
You have a slow metabolism.
Your sharp claws are effective at attacking unaware monsters.


Message History

Unknown command.
Unknown command.
A meliai comes into view. It is wielding a war axe.
You found an arrow trap!
Found 54 gold pieces.
There is an open door here.
Found 27 gold pieces.
The lorocyproca gives a chilling moan.
The meliai buzzes angrily.
You see here 27 gold pieces.
You scratch the lorocyproca but do no damage.
The lorocyproca hits you!!
Ouch! That really hurt!
* * * LOW HITPOINT WARNING * * *
You feel your power leaking away.
Unknown command.
Unknown command.
You now have 452 gold pieces (gained 27).
The lorocyproca hits you!!
Ouch! That really hurt!
You die...

#####
####
_#..+
#s†#
.'..#
##s#
###
_####
+ss#
#[###
##§?#
#..+
#'#$###
§§§c#
#+##
#^.$#y#
≈§§§+
#..@###
≈≈§)#
+..$2$#
+####
#.....#
###++##


You could see a lorocyproca (invisible) and a meliai.

Vanquished Creatures
  A centaur warrior (D)
  A slime creature (D)
  Sigmund (D)
  A yak (D)
  An ogre (D)
  A jelly (D)
  Ijyb (D)
7 creatures vanquished.

Notes
Turn   | Place    | Note
-------+----------+-------------------------------------------
     0 | D        | Groucho the Felid Berserker began the quest for the Orb.
     0 | D        | Reached XP level 1. HP: 10/10 MP: 2/2
     2 | D        | Noticed Ijyb
     7 | D        | Killed Ijyb
     7 | D        | Reached skill level 8 in Stealth
     7 | D        | Reached XP level 2. HP: 14/14 MP: 3/3
   149 | D        | Noticed an ogre
   151 | D        | Killed an ogre
   151 | D        | Reached skill level 12 in Stealth
   151 | D        | Reached XP level 3. HP: 17/17 MP: 4/4
   151 | D        | Reached XP level 4. HP: 21/21 MP: 5/5
   164 | D        | Noticed Sigmund
   171 | D        | Killed Sigmund
   171 | D        | Reached ** piety under Trog
   171 | D        | Reached skill level 16 in Stealth
   171 | D        | Reached XP level 5. HP: 24/24 MP: 6/6
   381 | D        | Found a deep blue altar of Sif Muna.
   383 | D        | Found a radiant altar of Vehumet.
   387 | D        | Gained mutation: You are covered in thick fur. (AC +2) [Felid growth]
   387 | D        | Reached XP level 6. HP: 28/28 MP: 7/7
   406 | D        | Found Redara's Book Emporium.
   406 | D        | Found an ancient bone altar of Kikubaaqudgha.
   406 | D        | Found a hazy altar of Hepliaklqana.
   406 | D        | Found a stormy altar of Qazlal.
   406 | D        | Found a hide-covered altar of Uskayaw.
   406 | D        | Found a blossoming altar of Fedhas.
   406 | D        | Found a bloodstained altar of Trog.
   406 | D        | Found an iron altar of Okawaru.
   406 | D        | Found a basalt altar of Yredelemnul.
   406 | D        | Found a glowing golden altar of the Shining One.
   406 | D        | Found a snail-covered altar of Cheibriados.
   406 | D        | Found a sacrificial altar of Ru.
   406 | D        | Found a glowing silver altar of Zin.
   406 | D        | Found a shadowy altar of Dithmenos.
   406 | D        | Found a white marble altar of Elyvilon.
   406 | D        | Noticed a yak
   407 | D        | Found an opulent altar of Gozag.
   408 | D        | Killed a yak
   408 | D        | Reached skill level 18 in Stealth
   409 | D        | Found a sparkling altar of Nemelex Xobeh.
   426 | D        | Found a burning altar of Makhleb.
   426 | D        | Found a shimmering altar of Xom.
   426 | D        | Noticed a slime creature
   427 | D        | Found a viscous altar of Jiyva.
   427 | D        | Found a corrupted altar of Lugonu.
   429 | D        | Killed a slime creature
   429 | D        | Reached *** piety under Trog
   429 | D        | Reached skill level 5 in Dodging
   429 | D        | Reached skill level 5 in Unarmed Combat
   429 | D        | Reached XP level 7. HP: 31/31 MP: 8/8
   462 | D        | Noticed a centaur warrior
   462 | D        | Noticed a centaur warrior
   463 | D        | Killed a centaur warrior
   463 | D        | Reached skill level 5 in Fighting
   463 | D        | Reached skill level 19 in Stealth
   463 | D        | Reached XP level 8. HP: 37/37 MP: 9/9
   476 | D        | Mangled by a centaur warrior
   477 | D        | Reached XP level 7. HP: -8/49 MP: 8/8
   487 | D        | Noticed a demonic crawler
   487 | D        | Noticed a demonic crawler
   488 | D        | Noticed a demonic crawler
   488 | D        | Noticed a demonic crawler
   490 | D        | HP: 1/33 [demonic crawler (11)]
   495 | D        | Mangled by a demonic crawler
   496 | D        | Reached XP level 6. HP: -8/45 MP: 7/7
   496 | D        | Noticed a lorocyproca
   497 | D        | Noticed a meliai
   501 | D        | Annihilated by a lorocyproca

Skill      XL: |  1  2  3  4  5  6  7 |
---------------+----------------------+-----
Stealth        | 8 12 16 18 19 | 19.4
Dodging        | 5 8 |  8.1
Unarmed Combat | 5 8 |  8.2
Fighting       | 5 |  5.3

Action                   |  1- 3 |  4- 6 |  7- 9 || total
-------------------------+-------+-------+-------++-------
Melee: Unarmed           |     4 |     9 |    14 ||    27
       Bite              |     1 |     1 |     1 ||     3
       Punch             |     1 |       |       ||     1
Invok: Berserk           |     1 |     1 |     2 ||     4
       Trog's Hand       |       |       |     2 ||     2
  Use: Scroll            |       |       |     1 ||     1
       Potion            |       |       |     1 ||     1
 Stab: Sleeping          |     1 |     3 |     1 ||     5
  Eat: Chunk             |     3 |     5 |     5 ||    13
Armor: Skin              |       |       |     2 ||     2
Dodge: Dodged            |     3 |     1 |    27 ||    31
